 Dungeon Crawl Stone Soup version 0.31.0-32-g396128a36d (webtiles) character file.

Game seed: 18010251818469253610

82 PaiMei the Grave Robber (level 4, -1/30 HPs)
             Began as a Demonspawn Necromancer on Apr 6, 2024.
             Slain by a goblin
             ... wielding a +0 dagger
             ... led by Robin
              (4 damage)
             ... on level 2 of the Dungeon.
             The game lasted 00:02:12 (2033 turns).

PaiMei the Grave Robber (Demonspawn Necromancer)    Turns: 2033, Time: 00:02:12

Health: -1/30      AC:  2    Str:  8    XL:     4   Next: 21%
Magic:  0/7        EV: 12    Int: 18    God:
Gold:   96         SH:  0    Dex: 13    Spells: 4/8 levels left

rFire   . . .        s - +2 club (spect)
rCold   . . .        (no shield)
rNeg    . . .        a - +0 robe
rPois   .            (no helmet)
rElec   .            (no cloak)
rCorr   .            (no gloves)
SInv    .            (no boots)
Will    .....        (no amulet)
Stlth   ++           l - ring of wizardry
HPRegen 0.25/turn    (no ring)
MPRegen 0.10/turn

%: wizardry (x1)
@: no status effects
A: powered by death 1
a: no special abilities


You were on level 2 of the Dungeon.
You visited 1 branch of the dungeon, and saw 2 of its levels.

You collected 96 gold pieces.

Inventory:

Hand Weapons
 f - a +0 club
 j - a +1 dagger of electrocution
 s - a +2 spectral club (weapon)
Missiles
 g - 2 curare-tipped darts (quivered)
Armour
 a - a +0 robe (worn)
Jewellery
 k - an amulet of guardian spirit
 l - a ring of wizardry (left hand)
Scrolls
 c - a scroll of fear {unknown}
 h - a scroll of identify {unknown}
 n - a scroll of fog {unknown}
 o - 2 scrolls of teleportation {unknown}
 r - a scroll of acquirement {unknown}
Potions
 b - a potion of magic
 d - a potion of heal wounds {unknown}
 e - a potion of haste {unknown}
 i - a potion of brilliance {unknown}
 m - a potion of might {unknown}
 p - a potion of lignification {unknown}
 q - a potion of attraction {unknown}


   Skills:
 + Level 2.5 Dodging
 + Level 2.6 Stealth
 + Level 2.6 Spellcasting
 + Level 5.0 Necromancy


You had 4 spell levels left.
You knew the following spells:

 Your Spells              Type           Power      Damage    Failure   Level
a - Necrotise             Necr           80%        1d8       1%          1
b - Vampiric Draining     Necr           20%        2d7       2%          3

Your spell library contained the following spells:

 Spells                   Type           Power      Damage    Failure   Level
 Apportation              Tloc           4%         N/A       7%          1
 Animate Dead             Necr           20%        N/A       9%          4
 Jinxbite                 Hex            4%         N/A       11%         2
 Curse of Agony           Necr           20%        N/A       24%         5
 Alistair's Intoxication  Alch           1%         N/A       86%         5


Dungeon Overview and Level Annotations

Branches:
Dungeon (2/15)

Altars:
Hepliaklqana

Annotations:
D:2 1 runed translucent door, Crazy Yiuf, Robin


Innate Abilities, Weirdness & Mutations

You regenerate a little health from kills.


Message History

The goblin no longer looks unusually strong.
The goblin hits your goblin skeleton with a +0 club.
Your goblin skeleton is destroyed!
Robin roars a battlecry!
The goblins go into a battle-frenzy!
The kobold hits you with a +0 short sword.
You barely miss the kobold.
The kobold is severely wounded.
The kobold barely misses you. The goblin hits you with a +0 club.
You hit the kobold.
You kill the kobold!
The bat closely misses you. The bat hits you but does no damage. x2
The goblin misses you.
You closely miss the bat.
The goblin no longer looks unusually strong.
The bat barely misses you. The bat hits you.
* * * LOW HITPOINT WARNING * * *
The goblin hits you but does no damage. Robin throws the goblin at you!
* * * LOW HITPOINT WARNING * * *
The goblin hits you with a +0 dagger.
* * * LOW HITPOINT WARNING * * *
Casting: Necrotise (safe; 1% risk of failure)
Confirm with . or Enter, or press ? or * to list all spells.
Aiming: Vampiric Draining (dangerous; 2% risk of failure)
Press: ? - help, Shift-Dir - straight line, f - goblin
Aim: a goblin, wielding a +0 dagger You draw life force from the goblin!
You kill the goblin!
You feel life coursing into your body. The bat barely misses you.
The goblin closely misses you. The bat closely misses you.
You miss the goblin.
The goblin is moderately wounded.
The goblin hits you with a +0 club.
* * * LOW HITPOINT WARNING * * *
Robin throws the goblin at you! The goblin misses you.
The goblin hits you but does no damage.
You barely miss the goblin.
The goblin is moderately wounded.
The goblin hits you with a +0 dagger.
You die...

## .# .. .# #.#.#
... ... #b# #g# #@#
.....# #g# .....
#g# # .... #)# ##.
... #.# ##..# #<#
##)## g.!..##.#
#...#
.#g#.)..#######.#.#
#..gg...##...#


You could see Robin, 2 goblins and a bat.

Vanquished Creatures
  Jessica (D:2)
  An adder (D:2)
  A dart slug (D:2)
  2 endoplasms (D:1)
  5 giant cockroaches
  12 goblins
  4 hobgoblins
  4 jackals (D:1)
  A quokka (D:2)
  2 ball pythons (D:1)
  2 bats (D:1)
  2 frilled lizards (D:1)
  2 kobolds
  3 rats
42 creatures vanquished.

Vanquished Creatures (collateral kills)
  A rat (D:1)
1 creature vanquished.

Grand Total: 43 creatures vanquished

Notes
Turn   | Place    | Note
-------+----------+-------------------------------------------
     0 | D:1      | PaiMei the Demonspawn Necromancer began the quest for the
                  | Orb.
     0 | D:1      | Reached XP level 1. HP: 13/13 MP: 3/3
   388 | D:1      | Gained mutation: You regenerate a little health from kills.
                  | [demonic ancestry]
   388 | D:1      | Reached XP level 2. HP: 19/19 MP: 3/5
  1342 | D:2      | Reached XP level 3. HP: 24/24 MP: 1/6
  1346 | D:2      | Learned a level 3 spell: Vampiric Draining
  1417 | D:2      | Found a hazy altar of Hepliaklqana.
  1643 | D:2      | Found a runed translucent door.
  1644 | D:2      | Noticed Crazy Yiuf
  1905 | D:2      | Noticed Jessica
  1908 | D:2      | Killed Jessica
  1909 | D:2      | Reached XP level 4. HP: 30/30 MP: 3/7
  1992 | D:2      | Noticed Robin
  2024 | D:2      | Reached skill level 5 in Necromancy
  2033 | D:2      | Slain by a goblin

Illustrated notes

Levels and vault maps discovered:
D:1:      minmay_arrival_loop, layout_basic
D:2:      layout_loops_cross, serial_glass, glass_columns_b, glass_columns_a,
          glass_columns_a, glass_columns_c, glass_columns_b, glass_columns_b,
          basic_altar, uniq_jessica, uniq_robin, uniq_crazy_yiuf_cottage

Skill      XL: |  1  2  3  4 |
---------------+-------------+-----
Stealth        | 2 |  2.6
Dodging        | 2 |  2.5
Necromancy     | 5 |  5.0
Spellcasting   | |  2.6

Action                     |  1- 3 |  4- 6 || total
---------------------------+-------+-------++-------
  Melee: Club              |     2 |    12 ||    14
         Dagger            |    12 |       ||    12
   Cast: Necrotise         |    62 |     7 ||    69
         Vampiric Draining |       |     1 ||     1
 Armour: Robe              |    16 |    28 ||    44
  Dodge: Dodged            |    25 |    15 ||    40
